 Dungeon Crawl Stone Soup version 0.29.1-15-g9cfb28693d (webtiles) character file.

Game seed: 1408373336237966148

45 Hugehornet the Cudgeller (level 3, -3/23 HPs)
             Began as a Gargoyle Fighter on Mar 23, 2023.
             Slain by Terence
             ... wielding a +5 short sword of speed
              (8 damage)
             ... on level 2 of the Dungeon.
             The game lasted 00:03:00 (1857 turns).

Hugehornet the Cudgeller (Gargoyle Fighter)         Turns: 1857, Time: 00:03:01

Health: -3/23      AC: 11    Str: 19    XL:     3   Next: 64%
Magic:  3/3        EV:  9    Int: 10    God:
Gold:   97         SH:  4    Dex:  9    Spells: 2/2 levels left

rFire   . . .      SeeInvis .   e - +1 mace (holy)
rCold   . . .      Faith    .   c - +0 buckler
rNeg    + . .      Spirit   .   b - +0 scale mail
rPois   ∞          Reflect  .   (no helmet)
rElec   +          Harm     .   (no cloak)
rCorr   .          Rampage  .   i - +0 pair of gloves
Will    .....                   (no boots)
Stlth   ..........              (no amulet)
HPRegen 0.07/turn               (no ring)
MPRegen 0.08/turn               (no ring)

@: no status effects
A: sickness immunity, AC +3, negative energy resistance 1, electricity
resistance, torment resistance 1, petrification resistance
a: no special abilities


You were on level 2 of the Dungeon.
You visited 1 branch of the dungeon, and saw 2 of its levels.

You collected 97 gold pieces.

Inventory:

Hand Weapons
 a - a +0 flail
 e - a +1 mace of holy wrath (weapon)
Armour
 b - a +0 scale mail (worn)
 c - a +0 buckler (worn)
 i - a +0 pair of gloves (worn)
Scrolls
 f - a scroll of amnesia {unknown}
 j - a scroll of blinking {unknown}
 k - a scroll of teleportation {unknown}
Potions
 d - a potion of might
 g - 3 potions of curing {unknown}
 h - 2 potions of heal wounds {unknown}


   Skills:
 - Level 3.2 Fighting
 + Level 3.9 Maces & Flails
 - Level 3.2 Armour
 - Level 3.2 Shields


You had 2 spell levels left.
You didn't know any spells.
Your spell library was empty.

Dungeon Overview and Level Annotations

Branches:
Dungeon (2/15)

Altars:

Shops:
D:1 (

Annotations:
D:1 2 runed translucent doors
D:2 Terence


Innate Abilities, Weirdness & Mutations

You are immune to sickness and miasma.
Your stone body is resilient. (AC +3)
You are immune to poison.
You resist negative energy. (rN+)
You are resistant to electric shocks. (rElec)
You are resistant to unholy torment.
You are immune to petrification.


Message History

The worm bites you.
You thump the worm!
You kill the worm!
No target in view!
k - a scroll labelled GUFOOG NAUGGA You open the door.
Found a whip.
Terence and an orc come into view.
Terence is wielding a +5 short sword of speed.
Found a stone staircase leading down.
Terence shouts!
The orc shouts!
There is an open door here.
You hit Terence.
Terence is lightly wounded.
Terence barely misses you.
You closely miss Terence.
Terence is lightly wounded.
Terence closely misses you. Terence hits you but does no damage.
You hit Terence.
Terence is heavily wounded.
You block Terence's attack. Terence hits you but does no damage.
You hit Terence but do no damage.
Terence is moderately wounded.
Terence hits you with a +5 short sword of speed.
You sock Terence!
Terence is severely wounded.
Terence barely misses you.
Terence hits you with a +5 short sword of speed!
You hit Terence but do no damage.
Terence is severely wounded.
Terence hits you but does no damage.
Terence hits you with a +5 short sword of speed!
* * * LOW HITPOINT WARNING * * *
You are too injured to fight recklessly!
You are too injured to fight recklessly!
You barely miss Terence.
Terence is severely wounded.
Terence says, "Rest in peace."
Terence hits you with a +5 short sword of speed!
You die...

†.....##......#
†).....'......#
.....###......#
.....# #......#
.....#
#......##
.....#
#.......##
.....#
#######..#
###### ##.####
#.@@o# ####'#
#.....o..#
#)......##
#.....>##
########


You could see Terence and an orc.

Vanquished Creatures
  An adder (D:2)
  A worm (D:2)
  A dart slug (D:1)
  2 ball pythons (D:1)
  3 endoplasms
  3 goblins
  3 hobgoblins (D:1)
  2 kobolds
  4 quokkas
  3 bats (D:1)
  3 frilled lizards (D:1)
  2 rats (D:2)
28 creatures vanquished.

Notes
Turn   | Place    | Note
-------+----------+-------------------------------------------
     0 | D:1      | Hugehornet the Gargoyle Fighter began the quest for the
                  | Orb.
     0 | D:1      | Reached XP level 1. HP: 14/14 MP: 1/1
   422 | D:1      | Reached XP level 2. HP: 19/19 MP: 2/2
   704 | D:1      | Found Wehasch's Antique Weapon Shop.
   859 | D:1      | Found a faded altar of an unknown god.
   965 | D:1      | Found a large runed translucent door.
   965 | D:1      | Found a large runed translucent door.
   966 | D:1      | Noticed an ogre
   967 | D:1      | Noticed an ogre
   982 | D:1      | Noticed an ogre
   994 | D:1      | Noticed an ogre
  1010 | D:1      | Reached XP level 3. HP: 23/23 MP: 3/3
  1847 | D:2      | Noticed Terence
  1857 | D:2      | Slain by Terence

Illustrated notes

Levels and vault maps discovered:
D:1:      erik_arrival_cave_to_civilisation [erik_arrival_cave_to_temple],
          layout_basic, serial_shops, nicolae_shop_crystal,
          chequers_ecumenical_altar_simple, skrybe_limestone_x,
          minmay_pentomino_v2
D:2:      layout_basic, minmay_misc_feat_room, uniq_jessica, uniq_terence

Skill      XL: |  1  2 |
---------------+-------+-----
Maces & Flails | 3 |  3.9
Fighting       | |  3.2
Armour         | |  3.2
Shields        | |  3.2

Action                   || total
-------------------------++-------
Melee: Mace              ||    89
       Flail             ||     2
Armor: Scale mail        ||    42
Dodge: Dodged            ||    38
Block: Buckler           ||    13
